 Dungeon Crawl Stone Soup version 0.28-a0-1182-g381e24db82 (webtiles) character file.

Game seed: 8262725761998288183

4 freelancePsychic the Chiller (level 1, -1/15 HPs)
             Began as a Naga Ice Elementalist on Dec 16, 2021.
             Slain by a quokka (4 damage)
             ... on level 1 of the Dungeon.
             The game lasted 00:00:23 (113 turns).

freelancePsychic the Chiller (Naga Ice Elementalist) Turns: 113, Time: 00:00:24

Health: -1/15      AC:  1    Str: 10    XL:     1   Next: 60%
Magic:  0/3        EV:  9    Int: 15    God:
Gold:   4          SH:  0    Dex: 11    Spells: 3/4 levels left

rFire   . . .      SeeInvis +   (no weapon)
rCold   . . .      Faith    .   (no shield)
rNeg    . . .      Spirit   .   a - +0 robe
rPois   +          Reflect  .   (no helmet)
rElec   .          Harm     .   (no cloak)
rCorr   .          Rampage  .   (no gloves)
Will    .....                   (no barding)
Stlth   ++........              (no amulet)
HPRegen 0.05/turn               (no ring)
MPRegen 0.08/turn               (no ring)

@: very slow
A: AC +0, large, see invisible, deformed body, poison resistance, slowness 2,
spit poison 1, naga tail 1
a: Spit Poison


You were on level 1 of the Dungeon.
You visited 1 branch of the dungeon, and saw 1 of its levels.

You collected 4 gold pieces.

Inventory:

Armour
 a - a +0 robe (worn)


   Skills:
 - Level 1.5 Dodging
 + Level 3.1 Stealth
 + Level 2.0 Spellcasting
 * Level 4.1 Ice Magic


You had 3 spell levels left.
You knew the following spells:

 Your Spells              Type           Power      Damage    Failure   Level
a - Freeze                Ice            52%        1d7       4%          1

Your spell library contained the following spells:

 Spells                   Type           Power      Damage    Failure   Level
 Frozen Ramparts          Ice            26%        1d4       12%         3
 Ozocubu's Armour         Ice            13%        N/A       12%         3
 Hailstorm                Conj/Ice       7%         3d4       67%         4


Dungeon Overview and Level Annotations

Branches:
Dungeon (1/15)

Altars:


Innate Abilities, Weirdness & Mutations

Your serpentine skin is tough. (AC +0)
You have supernaturally acute eyesight. (SInv)
Armour fits poorly on your strangely shaped body.
Your system is resistant to poisons. (rPois)
You cover ground very slowly.
You can spit poison.
You have a snake-like lower body.


Message History

You open the door.
A frilled lizard comes into view.
There is an open door here.
The frilled lizard hisses angrily.
The frilled lizard bites you.
You miscast Freeze.
You are very lightly contaminated with residual magic.
Nothing appears to happen.
The frilled lizard barely misses you.
You freeze the frilled lizard.
You kill the frilled lizard!
Your magical contamination has completely faded away.
Magic restored.
HP restored.
A bat comes into view.
The bat hits you. The bat closely misses you. x2
You can't see any susceptible monsters within range! (Use Z to cast anyway.)
The bat hits you.
You freeze the bat.
You kill the bat!
A kobold comes into view. It is wielding a +0 club.
A kobold is nearby!
A kobold is nearby!
A goblin comes into view. It is wielding a +0 dagger.
The goblin shouts!
A quokka comes into view.
The kobold throws a stone.
The stone hits you. The goblin closely misses you.
You freeze the goblin.
You kill the goblin!
The kobold throws a stone.
The stone misses you.
You hit the kobold but do no damage. The kobold hits you with a +0 club.
You freeze the kobold.
The kobold is severely wounded.
The kobold closely misses you.
You freeze the kobold.
You kill the kobold!
You hit the quokka but do no damage. The quokka bites you. x2
* * * LOW HITPOINT WARNING * * *
You are too injured to fight recklessly!
The quokka bites you.
You die...

... #.. .# ..# #.# ..#
..# #.# #.. #.# #.####.#
# ### #.# #.##..## .#
##.###.# #.##)#.#.#
####...##.###†.......###
+...†...........r.......
###.......######@#...###
#..#.##### #.##.##
##'####### ... .#
≈≈.≈≈≈≈≈≈≈ ##.## #
P≈.≈♣.♣♣♣P #.#
P≈.≈♣PPP♣P #.#
≈≈.≈≈≈≈≈≈≈ #..
.....≈≈≈≈≈ ###
.###.≈.P.♣


You could see a quokka.

Vanquished Creatures
  A goblin (D:1)
  A kobold (D:1)
  A bat (D:1)
  A frilled lizard (D:1)
4 creatures vanquished.

Notes
Turn   | Place    | Note
-------+----------+-------------------------------------------
     0 | D:1      | freelancePsychic the Naga Ice Elementalist began the quest
                  | for the Orb.
     0 | D:1      | Reached XP level 1. HP: 15/15 MP: 3/3
   113 | D:1      | Slain by a quokka

Illustrated notes

Levels and vault maps discovered:
D:1:      lightli_arrival_farm, layout_loops_corners,
          hellmonk_ecumenical_altar_heavens_door

Action                   || total
-------------------------++-------
Melee: Unarmed           ||     2
 Cast: Freeze            ||     5
Dodge: Dodged            ||     6

Table legend: (Time is in decaauts)
 A = Elapsed time spent in this place.
 B = Non-inter-level travel time spent in this place.
 C = Inter-level travel time spent in this place.
 D = Time resting spent in this place.
 E = Time spent auto-exploring this place.
 F = Levels seen in this place.
 G = Mean time per level.
                   A        B        C        D        E       F      G
               +--------+--------+--------+--------+--------+-----+--------+
         Total |    134 |    134 |      0 |      0 |    107 |   1 |  134.0 |
       Dungeon |    134 |    134 |      0 |      0 |    107 |   1 |  134.0 |
               +--------+--------+--------+--------+--------+-----+--------+

Top non-repeatable levels by time:
     D:1: 134 daAuts
